 Dungeon Crawl Stone Soup version 0.28.0-45-g0d030f2227 (webtiles) character file.

Game seed: 3066102232854991555

1071 NinjaNoafa the Slinger (level 8, -9/56 HPs)
             Began as a Gnoll Wanderer on Apr 15, 2022.
             Was a Follower of Hepliaklqana.
             Killed by nerve-wracking pain
             ... invoked by Menkaure
              (11 damage)
             ... on level 5 of the Dungeon.
             The game lasted 00:11:14 (4963 turns).

NinjaNoafa the Slinger (Gnoll Wanderer)             Turns: 4963, Time: 00:11:15

Health: -9/56      AC:  6    Str: 14    XL:     8   Next: 28%
Magic:  14/14      EV: 12    Int:  9    God:    Hepliaklqana [*.....]
Gold:   295        SH:  0    Dex: 14    Spells: 15/15 levels left

rFire   . . .      SeeInvis .   a - +2 short sword (elec)
rCold   + . .      Faith    .   (no shield)
rNeg    . . .      Spirit   .   c - +2 leather armour {rC+}
rPois   .          Reflect  .   (no helmet)
rElec   .          Harm     .   (no cloak)
rCorr   .          Rampage  .   (no gloves)
Will    .....                   y - +0 pair of boots
Stlth   ++........              (no amulet)
HPRegen 0.18/turn               (no ring)
MPRegen 0.14/turn               (no ring)

@: weak-willed, attractive, flying, hasted, very quick
A: reduced essence, fangs 1, strong nose, distributed training, talons 1,
subdued magic 1
a: Renounce Religion, Recall Ancestor, Ancestor Identity


You were on level 5 of the Dungeon.
You worshipped Hepliaklqana.
Hepliaklqana was aware of your devotion.
You visited 1 branch of the dungeon, and saw 5 of its levels.

You collected 295 gold pieces.

Inventory:

Hand Weapons
 a - a +2 short sword of electrocution (weapon)
 g - a +1 hand axe of electrocution
 i - a +0 short sword of venom
 r - a +0 mace of protection
 w - a +2 hunting sling
Missiles
 b - 7 sling bullets
 d - 14 poisoned darts (quivered)
 h - 141 stones
 k - 63 arrows
 p - 36 bolts
 B - 3 boomerangs
Armour
 c - a +2 leather armour of cold resistance (worn)
 y - a +0 pair of boots (worn)
Magical Staves
 e - a staff of air
Jewellery
 D - a +6 ring of dexterity
Scrolls
 f - a scroll of enchant weapon {unknown}
 l - 2 scrolls of magic mapping {unknown}
 m - 5 scrolls of identify
 n - a scroll of enchant armour {unknown}
 q - a scroll of noise {unknown}
 s - 2 scrolls of vulnerability
 t - 2 scrolls of fear {unknown}
 u - 4 scrolls of immolation
 C - a scroll of teleportation {unknown}
Potions
 j - a potion of brilliance
 o - a potion of haste
 v - 2 potions of attraction


   Skills:
 + Level 5.6 Fighting
 + Level 4.1 Short Blades
 + Level 3.1 Long Blades
 + Level 3.1 Axes
 + Level 3.1 Maces & Flails
 + Level 3.1 Polearms
 + Level 3.1 Staves
 + Level 9.1 Slings
 + Level 3.1 Bows
 + Level 3.1 Crossbows
 + Level 5.6 Throwing
 + Level 3.1 Armour
 + Level 3.1 Dodging
 + Level 3.1 Stealth
 + Level 3.1 Shields
 + Level 3.1 Unarmed Combat
 + Level 4.2 Spellcasting
 + Level 2.5 Conjurations
 + Level 2.5 Hexes
 + Level 2.5 Summonings
 + Level 2.5 Necromancy
 + Level 2.5 Translocations
 + Level 2.5 Transmutations
 + Level 2.5 Fire Magic
 + Level 2.5 Ice Magic
 + Level 2.5 Air Magic
 + Level 2.5 Earth Magic
 + Level 2.5 Poison Magic
 + Level 3.4 Invocations
 + Level 3.1 Evocations


You had 15 spell levels left.
You didn't know any spells.
Your spell library was empty.

Dungeon Overview and Level Annotations

Branches:
Dungeon (5/15)
 Temple: D:4-7

Altars:
Ashenzari
Hepliaklqana

Shops:
D:4 !

Annotations:
D:5 Grinder, Menkaure


Innate Abilities, Weirdness & Mutations

Your life essence is reduced to manifest your ancestor. (-10% HP)
You have very sharp teeth.
Your uncanny sense of smell can sniff out nearby items.
Your experience applies equally to all skills.
You have sharp toenails.
Your spells are a little easier to cast, but a little less powerful.


Message History

You resist with some effort. The iguana bites you.
The necrophage is attracted toward you.
You hit Grinder. Your bite misses Grinder.
Grinder is lightly wounded.
The necrophage completely misses you. Grinder hits you but does no damage.
The iguana bites you but does no damage.
You closely miss Grinder.
Grinder is lightly wounded.
Menkaure calls on the powers of darkness!
Your body is wracked with pain!
The necrophage barely misses you.
As you read the scroll labelled YKEONO RIAVIBB, it crumbles to dust.
It is a scroll of identify.
u - 4 scrolls of immolation Grinder hits you!
You writhe in agony.
The iguana bites you but does no damage.
An adder comes into view.
The adder is attracted toward you.
As you read the scroll labelled FEARPH KUCEAH, it crumbles to dust.
Magic quickly surges around you.
It was a scroll of vulnerability.
The sentinel's mark upon you fades away.
The necrophage hits you. Grinder gestures at you.
Pain shoots through your body!
* * * LOW HITPOINT WARNING * * *
Menkaure calls on the powers of darkness!
The adder convulses!
Your body is wracked with pain!
* * * LOW HITPOINT WARNING * * *
The iguana barely misses you.
Okay, then.
The necrophage barely misses you. The adder bites you.
* * * LOW HITPOINT WARNING * * *
Menkaure points at you and mumbles some strange words.
Pain shoots through your body!
* * * LOW HITPOINT WARNING * * *
Grinder is attracted toward you.
Okay, then.
Menkaure blazes with dark energy!
Menkaure gestures at you while chanting.
Pain shoots through your body!
You die...

### ##.##.#...#....
###..####..##..#####...
∆
.......###.÷##.<......
#..##..##>.##........
#........##..÷.......
##......#.##.#....####
###..............####
........##...##...
...#.##@#########.# .
##.##..S.###.....
......lM5..........
..(..((Z.n###.......
.......§### ..((..((#
.......(# ∆ .......(.
......#.#


You could see Grinder (weak-willed), a necrophage (weak-willed), Menkaure (fast,
weak-willed), an iguana (weak-willed), an adder (weak-willed) and a wyvern
zombie (weak-willed).

Vanquished Creatures
  2 ogres
  A scorpion (D:5)
  A water moccasin zombie (D:5)
  A water moccasin skeleton (D:5)
  A bullfrog zombie (D:3)
  3 hounds (D:4)
  An orc priest (D:4)
  An iguana (D:5)
  An orc wizard (D:4)
  A hound skeleton (D:4)
  8 adders
  16 gnolls (D:4)
  2 ufetubi (D:5)
  An adder skeleton (D:4)
  A worm (D:3)
  5 dart slugs
  23 orcs (D:4)
  3 ball pythons
  5 endoplasms
  5 giant cockroaches
  7 goblins
  7 hobgoblins
  15 jackals (D:4)
  7 kobolds
  2 quokkas
  7 bats
  4 frilled lizards
  11 rats
142 creatures vanquished.

Vanquished Creatures (collateral kills)
  A water moccasin (D:5)
  A bullfrog skeleton (D:5)
2 creatures vanquished.

Vanquished Creatures (others)
  An ancestor (D:5)
  A plant (D:4)
2 creatures vanquished.

Grand Total: 146 creatures vanquished

Notes
Turn   | Place    | Note
-------+----------+-------------------------------------------
     0 | D:1      | NinjaNoafa the Gnoll Wanderer began the quest for the Orb.
     0 | D:1      | NinjaNoafa set off with the following items: a +2 hunting
                  | sling, 21 sling bullets, a +0 short sword, 7 poisoned
                  | darts, a +0 dagger, a +0 leather armour
     0 | D:1      | Reached XP level 1. HP: 20/20 MP: 4/4
    32 | D:1      | Reached XP level 2. HP: 26/26 MP: 5/5
   218 | D:1      | You fall into a shaft and drop 1 floor!
   234 | D:2      | Reached XP level 3. HP: 18/31 MP: 7/7
   552 | D:2      | Reached skill level 1 in Invocations
   774 | D:2      | Found a faded altar of an unknown god.
  1045 | D:1      | Reached skill level 1 in Long Blades
  1045 | D:1      | Reached skill level 1 in Axes
  1045 | D:1      | Reached skill level 1 in Maces & Flails
  1045 | D:1      | Reached skill level 1 in Polearms
  1045 | D:1      | Reached skill level 1 in Staves
  1045 | D:1      | Reached skill level 1 in Bows
  1045 | D:1      | Reached skill level 1 in Crossbows
  1045 | D:1      | Reached skill level 1 in Armour
  1045 | D:1      | Reached skill level 1 in Dodging
  1045 | D:1      | Reached skill level 1 in Stealth
  1045 | D:1      | Reached skill level 1 in Shields
  1045 | D:1      | Reached skill level 1 in Unarmed Combat
  1045 | D:1      | Reached skill level 1 in Evocations
  1478 | D:2      | Reached XP level 4. HP: 38/38 MP: 8/8
  1706 | D:3      | Reached skill level 1 in Conjurations
  1706 | D:3      | Reached skill level 1 in Hexes
  1706 | D:3      | Reached skill level 1 in Summonings
  1706 | D:3      | Reached skill level 1 in Necromancy
  1706 | D:3      | Reached skill level 1 in Translocations
  1706 | D:3      | Reached skill level 1 in Transmutations
  1706 | D:3      | Reached skill level 1 in Fire Magic
  1706 | D:3      | Reached skill level 1 in Ice Magic
  1706 | D:3      | Reached skill level 1 in Air Magic
  1706 | D:3      | Reached skill level 1 in Earth Magic
  1706 | D:3      | Reached skill level 1 in Poison Magic
  1875 | D:3      | Found a broken altar of Ashenzari.
  1993 | D:3      | Reached XP level 5. HP: 28/43 MP: 9/9
  2131 | D:3      | Found a hazy altar of Hepliaklqana.
  2138 | D:3      | Became a worshipper of Hepliaklqana the Forgotten
  2498 | D:4      | Found Uzuvukun's Distillery.
  2546 | D:4      | Reached XP level 6. HP: 48/50 MP: 10/10
  3357 | D:4      | Reached skill level 5 in Fighting
  3357 | D:4      | Reached skill level 5 in Throwing
  3753 | D:4      | Reached XP level 7. HP: 55/56 MP: 12/12
  4496 | D:5      | Entered Level 5 of the Dungeon
  4571 | D:5      | Reached * piety under Hepliaklqana
  4596 | D:5      | Reached skill level 9 in Slings
  4669 | D:5      | Reached XP level 8. HP: 15/56 MP: 14/14
  4947 | D:5      | Noticed Menkaure
  4949 | D:5      | Noticed Grinder
  4955 | D:5      | Gained mutation: Your spells are a little easier to cast,
                  | but a little less powerful. [potion of mutation]
  4955 | D:5      | Gained mutation: You have sharp toenails. [potion of
                  | mutation]
  4961 | D:5      | HP: 2/56 [Menkaure/nerve-wracking pain (4)]
  4963 | D:5      | Killed from afar by Menkaure

Illustrated notes

Levels and vault maps discovered:
D:1:      scummos_arrival_forest, layout_basic
D:2:      layout_rooms, chequers_ecumenical_altar_simple
D:3:      layout_basic, nzn_hepliaklqana_mist_gate,
          ashenzari_conservatory_becter
D:4:      lemuel_castle_with_subvaults [lemuel_castle_interior_carwin_2],
          layout_cave_pods, serial_shops, nicolae_diamond_shop
D:5:      layout_rooms, st_stairs_7, grunt_ministairs_11, uniq_grinder,
          uniq_menkaure

Skill      XL: |  1  2  3  4  5  6  7  8 |
---------------+-------------------------+-----
Invocations    | 1 2 3 |  3.4
Long Blades    | 1 2 3 |  3.1
Axes           | 1 2 3 |  3.1
Maces & Flails | 1 2 3 |  3.1
Polearms       | 1 2 3 |  3.1
Staves         | 1 2 3 |  3.1
Bows           | 1 2 3 |  3.1
Crossbows      | 1 2 3 |  3.1
Armour         | 1 2 3 |  3.1
Dodging        | 1 2 3 |  3.1
Stealth        | 1 2 3 |  3.1
Shields        | 1 2 3 |  3.1
Unarmed Combat | 1 2 3 |  3.1
Evocations     | 1 2 3 |  3.1
Spellcasting   | 3 4 |  4.2
Conjurations   | 1 2 |  2.5
Hexes          | 1 2 |  2.5
Summonings     | 1 2 |  2.5
Necromancy     | 1 2 |  2.5
Translocations | 1 2 |  2.5
Transmutations | 1 2 |  2.5
Fire Magic     | 1 2 |  2.5
Ice Magic      | 1 2 |  2.5
Air Magic      | 1 2 |  2.5
Earth Magic    | 1 2 |  2.5
Poison Magic   | 1 2 |  2.5
Short Blades   | 3 4 |  4.1
Fighting       | 5 |  5.6
Throwing       | 5 |  5.6
Slings         | 9 |  9.1

Action                   |  1- 3 |  4- 6 |  7- 9 || total
-------------------------+-------+-------+-------++-------
Melee: Short sword       |    26 |    46 |    65 ||   137
       Bite              |     3 |     8 |    11 ||    22
       Punch             |       |       |     1 ||     1
 Fire: Hunting sling     |    66 |   179 |    71 ||   316
Invok: Ancestor Identity |       |       |     1 ||     1
  Use: Potion            |       |       |     7 ||     7
       Scroll            |       |       |     2 ||     2
Armor: Leather armour    |    10 |    22 |    32 ||    64
Dodge: Dodged            |    21 |    32 |    75 ||   128
